 Dungeon Crawl Stone Soup version 0.29.1-1-gd02db6906a (webtiles) character file.

Game seed: 17617958566547947099

65507 Ashen the Frost Mage (level 14, -11/110 HPs)
             Began as a Demonspawn Ice Elementalist on Sept 25, 2022.
             Was a Priest of Makhleb.
             Killed by an exploding bloated husk (38 damage)
             ... on level 1 of the Swamp.
             The game lasted 01:38:45 (28537 turns).

Ashen the Frost Mage (Demonspawn Ice Elementalist) Turns: 28537, Time: 01:38:56

Health: -11/110    AC: 14    Str:  9      XL:     14   Next: 75%
Magic:  37/37      EV: 16    Int: 20 (21) God:    Makhleb [***...]
Gold:   851        SH:  0    Dex: 14      Spells: 15/33 levels left

rFire   + . .      SeeInvis +   g - +4 falchion (distort)
rCold   . . .      Faith    +   (no shield)
rNeg    . . .      Spirit   .   v - +2 robe {rF+}
rPois   .          Reflect  .   X - +1 hat
rElec   .          Harm     .   C - +0 cloak
rCorr   .          Rampage  .   B - +0 pair of gloves
Will    +....                   k - +0 pair of boots
Stlth   ++........              e - amulet of faith
HPRegen 0.28/turn               P - ring of see invisible
MPRegen 0.25/turn               K - ring of magical power

@: about to teleport, sanguine armoured, very slow
A: antennae 2, demonic guardian 2, powered by pain 2, sanguine armour 1
a: Renounce Religion, Minor Destruction, Lesser Servant of Makhleb


You were on level 1 of the Swamp.
You worshipped Makhleb.
Makhleb was most pleased with you.
You visited 4 branches of the dungeon, and saw 20 of its levels.

You collected 2158 gold pieces.
You spent 1307 gold pieces at shops.

Inventory:

Hand Weapons
 g - a +4 falchion of distortion (weapon)
 Z - the +2 whip "Ytol" {venom, rF+ rC++}
   (You found it on level 3 of the Lair of Beasts)

   It poisons the flesh of those it strikes.
   rF:        It protects you from fire.
   rC:        It greatly protects you from cold.
Missiles
 f - 4 atropa-tipped darts
 n - 4 javelins
 p - 9 poisoned darts (quivered)
Armour
 d - a +3 leather armour of willpower
 k - a +0 pair of boots (worn)
 t - a +0 buckler
 v - a +2 robe of fire resistance (worn)
 B - a +0 pair of gloves (worn)
 C - a +0 cloak (worn)
 N - +1 acid dragon scales
 S - a +0 troll leather armour
 X - a +1 hat (worn)
Jewellery
 e - an amulet of faith (around neck)
 I - an amulet of the acrobat
 K - a ring of magical power (right hand)
 P - a ring of see invisible (left hand)
 U - a ring of ice
Wands
 a - a wand of paralysis (38)
 h - a wand of polymorph (3)
 j - a wand of acid (8)
 G - a wand of roots (1)
 J - a wand of mindburst (18)
Scrolls
 c - 5 scrolls of blinking
 q - a scroll of amnesia
 s - 3 scrolls of poison
 y - a scroll of immolation
 A - a scroll of fog
 D - 2 scrolls of fear
 E - 2 scrolls of teleportation
 F - 3 scrolls of magic mapping
 M - 2 scrolls of brand weapon
 Q - 3 scrolls of vulnerability
 T - a scroll of torment
 V - a scroll of silence
Potions
 b - 2 potions of magic
 i - a potion of might
 l - 3 potions of curing
 m - 4 potions of flight
 o - 5 potions of brilliance
 r - a potion of invisibility
 w - 3 potions of berserk rage
 x - a potion of resistance
 z - 2 potions of mutation
 L - a potion of cancellation
 O - a potion of ambrosia
 R - 2 potions of lignification
Miscellaneous
 u - a box of beasts
 H - a phial of floods
 Y - a tin of tremorstones (inert)


   Skills:
 - Level 10.0 Fighting
 - Level 7.0 Long Blades
 - Level 10.0 Dodging
 - Level 5.0 Stealth
 - Level 10.0 Spellcasting
 - Level 10.0 Conjurations
 + Level 13.0 Ice Magic
 - Level 5.0 Air Magic
 + Level 3.7 Invocations


You had 15 spell levels left.
You knew the following spells:

 Your Spells              Type           Power      Damage    Failure   Level
a - Freeze                Ice            100%       1d11      1%          1
b - Frozen Ramparts       Ice            100%       1d16      1%          3
c - Ozocubu's Armour      Ice            58%        N/A       1%          3
d - Hailstorm             Conj/Ice       54%        3d12      1%          4
e - Blink                 Tloc           20%        N/A       11%         2
f - Freezing Cloud        Conj/Ice/Air   23%        6-21      4%          5

Your spell library contained the following spells:

 Spells                   Type           Power      Damage    Failure   Level
 Foxfire                  Conj/Fire      100%       2x1d9     1%          1
 Ensorcelled Hibernation  Hex/Ice        72%        N/A       1%          2
 Conjure Flame            Conj/Fire      30%        6-21      2%          3
 Mephitic Cloud           Conj/Pois/Air  30%        N/A       2%          3
 Poisonous Vapours        Pois/Air       40%        N/A       3%          2
 Apportation              Tloc           20%        N/A       7%          1
 Sting                    Tmut/Pois      40%        1d5       7%          1
 Flame Wave               Conj/Fire      30%        2d9       9%          4
 Sublimation of Blood     Necr           10%        N/A       11%         2
 Ignite Poison            Fire/Tmut/Pois 10%        N/A       21%         3
 Inner Flame              Hex/Fire       10%        N/A       21%         3
 Spider Form              Tmut/Pois      10%        N/A       21%         3
 Irradiate                Conj/Tmut      15%        3d16      24%         5
 Corpse Rot               Necr/Pois/Air  16%        N/A       34%         4
 Anguish                  Hex/Necr       5%         N/A       56%         4
 Dispel Undead            Necr           10%        3d9       56%         4
 Olgreb's Toxic Radiance  Pois           10%        N/A       56%         4
 Petrify                  Tmut/Erth      10%        N/A       56%         4
 Alistair's Intoxication  Tmut/Pois      6%         N/A       88%         5
 Manifold Assault         Tloc           10%        N/A       88%         5
 Death Channel            Necr           5%         N/A       100%        6
 Storm Form               Tmut/Air       10%        N/A       100%        7


Dungeon Overview and Level Annotations

Branches:
Dungeon (12/15)              Lair (5/5) D:10          Swamp (1/4) Lair:2
 Spider (0/4) Lair:2        Slime (0/5) Lair:5          Orc (2/2) D:9
    Elf (0/3) Orc:2
 Temple: D:4-7

Altars:
Dithmenos
Kikubaaqudgha
Makhleb
Nemelex Xobeh
Okawaru
Ru
Trog
Yredelemnul
Jiyva

Shops:
D:7 *   Orc:2 [?=

Annotations:
Lair:2 2 transporters, EvilAshe's ghost, journeyman SpEE
Abyss:1 Ijyb


Innate Abilities, Weirdness & Mutations

You have a pair of antennae on your head.
A demonic guardian rushes to your aid.
You sometimes gain power by taking damage.
When seriously injured, your blood forms armour. (AC +6)


Message History

A bloated husk comes into view.
Your sixfirhy hits the bog body.
Your sixfirhy shocks the bog body!
Your sixfirhy closely misses the bog body.
Your sixfirhy completely misses the bog body.
The swamp worm is engulfed in freezing vapours.
The bog body points at you and mumbles some strange words.
The bolt of cold hits you!!
* * * LOW HITPOINT WARNING * * *
The bog body gestures at you while chanting.
You resist with some effort.
The swamp worm is engulfed in freezing vapours.
The swamp worm closely misses you.
You feel much better.
You are engulfed in freezing vapours.
* * * LOW HITPOINT WARNING * * *
The swamp worm is engulfed in freezing vapours.
You kill the swamp worm!
Makhleb accepts your kill.
You feel better.
Okay, then.
Okay, then.
Press: ? - help, v - describe, . - travel
Here: a bog body (heavily damaged, ally target)
The floor.
Casting: Freezing Cloud (dangerous; 4% risk of failure)
Confirm with . or Enter, or press ? or * to list all spells.
Casting: Hailstorm (mildly dangerous; 1% risk of failure)
Press: ? - help, Dir - look around, f - activate
Okay, then.
Okay, then.
As you read the scroll of fog, it crumbles to dust.
The scroll dissolves into smoke.
The bog body touches your sixfirhy. The bog body freezes your sixfirhy!!
As you read the scroll of teleportation, it crumbles to dust.
You feel strangely unstable.
Your sixfirhy hits the bog body!
Your sixfirhy shocks the bog body!
The bog body is destroyed!
Makhleb accepts your kill.
The bloated husk explodes!
The blast of putrescent gases engulfs you!!!
You die...

~~~§~~~~~~~~§♣♣♣♣........~
~~~~§~~~~~.♣~♣♣ ♣~......♣.
....~§~~~~.♣~.♣♣♣~..~~~...
....~~..§3~....♣♣...~~~~..
..~..☼§☼†~§~~~.♣♣~...~~~..
...~.○§§~~~~~..♣♣♣~..~~...
.....§§§§§§.♣♣.♣♣♣♣.......
.....§§3§§§♣~♣♣♣.~.♣♣..♣.
!....§§§@§§.♣ ♣...♣♣...~
.....~§§§§§~♣ ♣♣♣♣♣♣♣♣♣~
.......§§§§♣♣ ♣♣
.....~.~~~.♣ ♣
.....~~..~.♣ ....♣~~.....
.~.♣♣....~~~. ♣♣
♣.~~~~~~~.


You could see a friendly sixfirhy (summoned).

Vanquished Creatures
  Gastronok (Lair:1)
  Kirke (Lair:2)
  An orc warlord (Orc:2)
  A stone giant (D:10)
  A ghost crab (Swamp:1)
  A hydra (Lair:5)
  4 boulder beetles
  A merfolk avatar (Lair:5)
  A two-headed ogre (D:11)
  Erica (D:9)
  A tengu warrior (D:11)
  5 death yaks (Lair:5)
  Nergalle (Orc:1)
  2 sea snakes
  An orb spider (Lair:2)
  2 bog bodies (Lair:2)
  An orc knight (Orc:1)
  9 orc sorcerers
  3 cyclopes
  3 manticores
  11 elephants
  A torpor snail (Lair:2)
  3 black mambas (Lair:3)
  Joseph (D:8)
  2 gargoyles (D:12)
  17 cane toads
  Maggie (D:8)
  2 rime drakes
  11 komodo dragons
  6 trolls
  A polar bear (Lair:4)
  A tyrant leech (Swamp:1)
  2 hornets
  Prince Ribbit (Lair:3)
  A wind drake (Lair:5)
  7 dream sheep (Lair:3)
  A snapping turtle (Lair:5)
  18 blink frogs
  18 yaks
  5 wyverns
  A shadow (D:11)
  2 wraiths
  2 hogs (Lair:2)
  2 basilisks (Lair:2)
  3 vampire mosquitoes (D:12)
  A swamp worm (Swamp:1)
  2 acid dragons
  9 wargs
  Duvessa (D:7)
  12 orc warriors
  10 water moccasins
  5 ogres
  6 centaurs
  6 wolves (Lair:4)
  A kobold brigand (D:9)
  8 bullfrogs
  Blork the orc (D:5)
  A scorpion (D:5)
  3 gnoll sergeants
  6 wights
  Dowan (D:7)
  5 killer bees (D:11)
  The ghost of diceflayer the Chopper, a weakling DsFi (D:3)
  5 howler monkeys
  7 crimson imps (D:12)
  2 quasits (D:3)
  2 jellies (D:6)
  12 orc priests
  4 iguanas
  47 orc wizards
  Robin (D:2)
  10 gnolls
  6 adders
  A shadow imp (D:6)
  5 white imps
  2 ufetubi (D:5)
  A dart slug (D:4)
  82 orcs
  6 endoplasms
  2 giant cockroaches
  15 goblins
  18 hobgoblins
  A jackal (D:4)
  2 quokkas (D:4)
  8 ball pythons
  5 bats
  4 frilled lizards
  16 kobolds
  8 rats
  A butterfly (Lair:4)
513 creatures vanquished.

Vanquished Creatures (collateral kills)
  A catoblepas (Lair:1)
  A bog body (Swamp:1)
  A manticore (Lair:5)
  A cane toad (Lair:1)
  A blink frog (Lair:3)
  A yak (Lair:2)
  An orc warrior (Orc:2)
  A phantom (D:6)
  A wight (D:8)
  An iguana (D:4)
  An orc wizard (Orc:2)
  An orc (D:5)
  An endoplasm (D:3)
  A giant cockroach (D:4)
  A butterfly (Lair:4)
15 creatures vanquished.

Vanquished Creatures (others)
  A bloated husk (Swamp:1)
  A gnoll (D:11)
  6 foxfires (Swamp:1)
  33 fungi
  82 plants
123 creatures vanquished.

Grand Total: 651 creatures vanquished

Notes
Turn   | Place    | Note
-------+----------+-------------------------------------------
     0 | D:1      | Ashen the Demonspawn Ice Elementalist began the quest for
                  | the Orb.
     0 | D:1      | Reached XP level 1. HP: 13/13 MP: 3/3
   388 | D:1      | Gained mutation: When seriously injured, your blood forms
                  | armour. (AC +6) [demonic ancestry]
   388 | D:1      | Reached XP level 2. HP: 16/20 MP: 3/5
   801 | D:1      | Found a faded altar of an unknown god.
  1164 | D:2      | Reached skill level 1 in Fighting
  1164 | D:2      | Gained mutation: A weak demonic guardian rushes to your
                  | aid. [demonic ancestry]
  1164 | D:2      | Reached XP level 3. HP: 14/26 MP: 3/6
  1755 | D:2      | Noticed Robin
  1773 | D:3      | Learned a level 3 spell: Frozen Ramparts
  2049 | D:3      | Gained mutation: You sometimes gain a little power by
                  | taking damage. [demonic ancestry]
  2049 | D:3      | Reached XP level 4. HP: 18/32 MP: 3/7
  2059 | D:3      | Reached skill level 4 in Ice Magic
  2283 | D:3      | Learned a level 3 spell: Ozocubu's Armour
  2691 | D:3      | Found a transporter.
  2692 | D:3      | Noticed diceflayer's ghost (weakling DsFi)
  2798 | D:3      | Found a transporter.
  2945 | D:3      | Found a bloodstained altar of Trog.
  2945 | D:3      | Found a burning altar of Makhleb.
  2946 | D:3      | Found an ancient bone altar of Kikubaaqudgha.
  3277 | D:2      | Gained mutation: You sometimes gain power by taking damage.
                  | [demonic ancestry]
  3277 | D:2      | Reached XP level 5. HP: 24/38 MP: 2/9
  3282 | D:2      | Killed Robin
  4652 | D:5      | Entered Level 5 of the Dungeon
  4658 | D:5      | Reached XP level 6. HP: 27/44 MP: 7/11
  4864 | D:5      | Noticed an ice beast
  4875 | D:5      | Banished an ice beast
  4900 | D:5      | Noticed Blork the orc
  4951 | D:5      | Killed Blork the orc
  4952 | D:5      | Reached skill level 5 in Ice Magic
  4952 | D:5      | Reached XP level 7. HP: 25/51 MP: 4/13
  5112 | D:4      | Noticed Ijyb
  5300 | D:4      | Banished Ijyb
  5909 | D:6      | Noticed a steam dragon
  5919 | D:6      | Banished a steam dragon
  6634 | D:6      | Reached XP level 8. HP: 9/58 MP: 6/15
  7044 | D:6      | Reached skill level 5 in Spellcasting
  7313 | D:7      | Noticed Duvessa
  7339 | D:7      | Killed Duvessa
  7388 | D:7      | Noticed Dowan
  7522 | D:7      | Killed Dowan
  7523 | D:7      | Reached skill level 6 in Ice Magic
  7833 | D:7      | Found Jappax's Overcharged Wands.
  8644 | D:8      | Found a sacrificial altar of Ru.
  8821 | D:8      | Reached XP level 9. HP: 28/65 MP: 15/18
  9098 | D:8      | Noticed Maggie
  9114 | D:8      | Killed Maggie
  9115 | D:8      | Reached skill level 7 in Ice Magic
  9219 | D:8      | Noticed Joseph
  9289 | D:8      | Learned a level 4 spell: Hailstorm
  9384 | D:8      | Killed Joseph
  9385 | D:8      | Reached skill level 5 in Stealth
  9385 | D:8      | Reached skill level 1 in Conjurations
  9685 | D:8      | Found a shadowy altar of Dithmenos.
  9997 | D:9      | Noticed Erica
 10158 | D:9      | Found a staircase to the Orcish Mines.
 10267 | D:9      | Reached skill level 5 in Dodging
 10355 | D:9      | Killed Erica
 10356 | D:9      | Reached skill level 5 in Fighting
 10805 | D:10     | Entered Level 10 of the Dungeon
 10871 | D:10     | Noticed a stone giant
 10885 | D:10     | Noticed a troll
 10919 | D:10     | Killed a troll
 10920 | D:10     | Gained mutation: You have a pair of small antennae on your
                  | head. [demonic ancestry]
 10920 | D:10     | Reached XP level 10. HP: 74/74 MP: 14/20
 11017 | D:10     | Found a sparkling altar of Nemelex Xobeh.
 11182 | Orc:1    | Entered Level 1 of the Orcish Mines
 11185 | Orc:1    | Noticed an orc sorcerer
 11189 | Orc:1    | Killed an orc sorcerer
 11190 | Orc:1    | Reached skill level 8 in Ice Magic
 12247 | D:10     | Found a basalt altar of Yredelemnul.
 12386 | D:10     | Reached skill level 5 in Conjurations
 12660 | D:10     | Found a staircase to the Lair.
 12984 | D:11     | Noticed a cyclops
 12989 | D:11     | Killed a cyclops
 13274 | D:11     | Noticed a two-headed ogre
 13553 | D:11     | Noticed a tengu warrior
 13639 | D:11     | Reached XP level 11. HP: 56/81 MP: 23/23
 14114 | D:12     | Noticed a boulder beetle
 14265 | D:12     | Reached skill level 9 in Ice Magic
 14268 | D:12     | Learned a level 2 spell: Blink
 14497 | D:12     | Noticed a boulder beetle
 14517 | D:12     | Killed a boulder beetle
 15045 | D:12     | Reached skill level 1 in Long Blades
 15301 | D:12     | Noticed a boulder beetle
 15331 | D:12     | Killed a boulder beetle
 15344 | D:12     | Killed a boulder beetle
 16027 | D:11     | Killed a tengu warrior
 16464 | Lair:1   | Entered Level 1 of the Lair of Beasts
 16514 | Lair:1   | Noticed a catoblepas
 16530 | Lair:1   | Killed a catoblepas
 16911 | Lair:1   | Noticed Gastronok
 16986 | Lair:1   | Reached XP level 12. HP: 44/91 MP: 25/25
 17065 | Lair:1   | Reached skill level 10 in Ice Magic
 17933 | Lair:2   | Found a hole to the Spider Nest.
 18015 | Lair:2   | Found a transporter.
 18018 | Lair:2   | Found a transporter.
 18021 | Lair:2   | Noticed EvilAshe's ghost (journeyman SpEE)
 18154 | Lair:2   | Found a staircase to the Swamp.
 18175 | Lair:2   | Reached skill level 10 in Spellcasting
 19288 | Lair:3   | Noticed Prince Ribbit
 19312 | Lair:3   | Killed Prince Ribbit
 19805 | Lair:3   | Noticed Kirke
 19864 | Lair:2   | Killed Kirke
 19865 | Lair:2   | Reached skill level 10 in Conjurations
 19865 | Lair:2   | Gained mutation: You have a pair of antennae on your head.
                  | [demonic ancestry]
 19865 | Lair:2   | Reached XP level 13. HP: 89/99 MP: 23/27
 20013 | Lair:3   | Reached skill level 5 in Long Blades
 20129 | Lair:3   | Identified the +2 whip "Ytol" {venom, rF+ rC++}
 21171 | Lair:4   | Found an iron altar of Okawaru.
 21900 | Lair:5   | Entered Level 5 of the Lair of Beasts
 22161 | Lair:5   | Reached skill level 10 in Fighting
 22256 | Lair:5   | Reached skill level 10 in Dodging
 22588 | Lair:5   | Gained mutation: A demonic guardian rushes to your aid.
                  | [demonic ancestry]
 22588 | Lair:5   | Reached XP level 14. HP: 47/110 MP: 27/28
 22722 | Lair:5   | Reached skill level 11 in Ice Magic
 23438 | Lair:5   | Identified the +12 trident of Pain and Death {drain,
                  | Fragile rC+++ Str+2}
 23603 | Lair:5   | Found a viscous altar of Jiyva.
 23603 | Lair:5   | Found a staircase to the Slime Pits.
 23649 | Lair:5   | Reached skill level 12 in Ice Magic
 23736 | Lair:5   | Learned a level 5 spell: Freezing Cloud
 24009 | Lair:1   | Killed Gastronok
 24244 | D:10     | Killed a stone giant
 24609 | Orc:1    | Reached skill level 1 in Air Magic
 24736 | Orc:1    | Noticed Nergalle
 24745 | Orc:1    | Killed Nergalle
 25119 | Orc:2    | Entered Level 2 of the Orcish Mines
 25308 | D:3      | Became a worshipper of Makhleb the Destroyer
 25369 | D:3      | Killed diceflayer's ghost
 25881 | Orc:2    | Paralysed by an orc sorcerer for 5 turns
 25991 | Orc:2    | Found a staircase to the Elven Halls.
 26041 | Orc:2    | Reached * piety under Makhleb
 26069 | Orc:2    | Noticed an orc warlord
 26074 | Orc:2    | Killed an orc warlord
 26148 | Orc:2    | Reached ** piety under Makhleb
 26297 | Orc:2    | Paralysed by an orc sorcerer for 3 turns
 26441 | Orc:2    | Reached skill level 1 in Invocations
 27020 | Orc:2    | Found Rinun's Jewellery Boutique.
 27050 | Orc:2    | Found Amopsy's Magic Scroll Emporium.
 27329 | Orc:2    | Found Veruekh's Armour Boutique.
 27329 | Orc:2    | Found Xearphead's Magic Scroll Emporium.
 27333 | Orc:2    | Reached skill level 5 in Air Magic
 27334 | Orc:2    | Reached *** piety under Makhleb
 27382 | Orc:2    | Bought a scroll of blinking for 112 gold pieces
 27382 | Orc:2    | Bought a scroll of fog for 60 gold pieces
 27382 | Orc:2    | Bought a scroll of blinking for 112 gold pieces
 27382 | Orc:2    | Bought a scroll of vulnerability for 60 gold pieces
 27669 | Orc:2    | Bought a scroll of teleportation for 54 gold pieces
 27669 | Orc:2    | Bought a scroll of enchant armour for 135 gold pieces
 27669 | Orc:2    | Bought a scroll of blinking for 135 gold pieces
 27669 | Orc:2    | Bought a scroll of brand weapon for 171 gold pieces
 27669 | Orc:2    | Bought a scroll of identify for 36 gold pieces
 27669 | Orc:2    | Bought a scroll of teleportation for 54 gold pieces
 27669 | Orc:2    | Bought a scroll of identify for 36 gold pieces
 27669 | Orc:2    | Bought a scroll of enchant weapon for 135 gold pieces
 27669 | Orc:2    | Bought a scroll of enchant weapon for 135 gold pieces
 27669 | Orc:2    | Bought a scroll of vulnerability for 72 gold pieces
 27837 | Swamp:1  | Entered Level 1 of the Swamp
 28486 | Swamp:1  | Reached skill level 13 in Ice Magic
 28537 | Swamp:1  | Killed by an exploding bloated husk

Illustrated notes

Levels and vault maps discovered:
D:1:      lightli_arrival_quake, layout_basic,
          shapermc_ecumenical_altar_flowoftime
D:2:      layout_basic, hangedman_decor_lopped, uniq_robin
D:3:      layout_loops_ring, gammafunk_temple_overflow_claw,
          gammafunk_ghost_stat_death, minmay_vboxes
D:4:      minmay_recursive_quarters, layout_gridville,
          minmay_temple_entry_stoned_glass, hangedman_glass_teeth, minivault_5,
          minivault_27, uniq_grinder, uniq_ijyb, uniq_natasha
D:5:      layout_cave_pools, uniq_blork_the_orc
D:6:      layout_basic
D:7:      layout_loops_ring, nicolae_shop_overcharged_wands, uniq_duvessa
D:8:      layout_loops_ring, nicolae_ru_path_of_blood,
          nicolae_dithmenos_through_a_glass_darkly, uniq_maggie, uniq_joseph
D:9:      layout_long_grid, orc_0_dummy, uniq_erica
D:10:     layout_irregular_city, kennysheep_ying_yang,
          nemelex_diamond_rough_becter, erik_lair_dragon,
          hangedman_decor_points, kennysheep_just_a_vault
D:11:     layout_roguey
D:12:     layout_loops_ring, minmay_nine_imps
Lair:1:   layout_cave_pods, infiniplex_staircase_pool_2, uniq_gastronok
Lair:2:   layout_loops_ring, skrybe_swamp_entry_bodies,
          nicolae_spider_entry_orb_guardian, gammafunk_ghost_hive
Lair:3:   layout_cellular_growth, serial_bayou_shore_a, uniq_prince_ribbit2,
          uniq_kirke
Lair:4:   layout_regular_city, basic_altar, wad_woods_road_01,
          grunt_megastairs_3, lemuel_fruit_fields
Lair:5:   gammafunk_lair_ancient_temple, layout_regular_city,
          dpeg_slime_entry_enclosed
Swamp:1:  layout_basic_swamp, nicolae_swamp_round_clearing, swamp_pool4,
          infiniplex_staircase_pool
Orc:1:    layout_caves, basic_altar, uniq_nergalle
Orc:2:    st_orc_town, layout_caves, basic_altar

Skill      XL: |  1  2  3  4  5  6  7  8  9 10 11 12 13 14 |
---------------+-------------------------------------------+-----
Stealth        | 2 3 4 5 |  5.0
Dodging        | 2 3 4 5 6 8 10 | 10.0
Fighting       | 1 2 3 4 5 6 7 8 10 | 10.0
Ice Magic      | 4 5 6 7 8 9 10 13 | 13.0
Spellcasting   | 3 4 6 7 8 9 10 | 10.0
Conjurations   | 3 5 7 10 | 10.0
Long Blades    | 2 4 7 |  7.0
Air Magic      | 5 |  5.0
Invocations    | 3 |  3.7

Action                   |  1- 3 |  4- 6 |  7- 9 | 10-12 | 13-15 || total
-------------------------+-------+-------+-------+-------+-------++-------
Melee: Short sword       |     4 |       |       |       |       ||     4
       Unarmed           |     2 |       |       |     4 |       ||     6
       Falchion          |    54 |    98 |   173 |   295 |   436 ||  1056
       Punch             |       |     3 |     2 |     3 |     9 ||    17
Throw: Dart              |       |       |    11 |     7 |    65 ||    83
 Cast: Freeze            |    20 |    13 |    28 |    79 |    33 ||   173
       Frozen Ramparts   |       |    11 |    20 |    60 |    73 ||   164
       Ozocubu's Armour  |       |     5 |    19 |    52 |    73 ||   149
       Hailstorm         |       |       |     3 |    19 |    27 ||    49
       Blink             |       |       |       |     1 |     3 ||     4
       Freezing Cloud    |       |       |       |       |    39 ||    39
Evoke: Wand              |       |       |     1 |    16 |    15 ||    32
       Tin of tremorston |       |       |       |       |     2 ||     2
  Use: Scroll            |       |     1 |    12 |       |    27 ||    40
       Potion            |       |       |     4 |     9 |     8 ||    21
 Stab: Sleeping          |     8 |     7 |     4 |     8 |     2 ||    29
       Distracted        |       |       |       |     2 |     3 ||     5
       Paralysed         |       |       |       |       |     2 ||     2
Armor: Robe              |    23 |     2 |       |       |     1 ||    26
       Leather armour    |       |    29 |    39 |       |     8 ||    76
       Acid dragon scale |       |       |    25 |   118 |       ||   143
       Troll leather arm |       |       |       |    57 |   176 ||   233
Dodge: Dodged            |    61 |    50 |   157 |   370 |   502 ||  1140
